 Dungeon Crawl Stone Soup version 0.24-a0-762-gca426f5 (webtiles) character file.

Game seed: 14230747189921950619, levelgen mode: deterministic

35 2tousent the Caller (level 3, -3/24 HPs)
             Began as a Barachi Summoner on Oct 3, 2019.
             Killed from afar by an orc wizard (9 damage)
             ... with a puff of frost
             ... on level 2 of the Dungeon.
             The game lasted 00:09:09 (1980 turns).

2tousent the Caller (Barachi Summoner)              Turns: 1980, Time: 00:09:11

Health: -3/24      AC:  2    Str: 10    XL:     3   Next: 35%
Magic:  5/7        EV: 12    Int: 15    God:
Gold:   70         SH:  0    Dex: 12    Spells: 3/7 levels left

rFire    . . .     SeeInvis .   (no weapon)
rCold    . . .     Gourm    .   (no shield)
rNeg     . . .     Faith    .   a - +0 robe
rPois    .         Spirit   .   (no helmet)
rElec    .         Reflect  .   e - scarf {cloud immunity}
rCorr    .         Harm     .   (no gloves)
MR       .....                  (no boots)
Stlth    ++........             (no amulet)
HPRegen  0.08/turn              (no ring)
MPRegen  0.10/turn              (no ring)

@: slow
A: +LOS, swims, slowness 1, strong legs 1
a: Hop


You were on level 2 of the Dungeon.
You were not hungry.

You visited 1 branch of the dungeon, and saw 2 of its levels.

You collected 70 gold pieces.

Inventory:

Armour
 a - a +0 robe (worn)
 e - a scarf of cloud immunity (worn)
Scrolls
 b - 3 scrolls of remove curse {unknown}
 i - 2 scrolls of teleportation {unknown}
 j - a scroll of identify {unknown}
Potions
 d - a potion of invisibility {unknown}
 g - 3 potions of curing {unknown}
 h - a potion of brilliance {unknown}
Comestibles
 c - 4 rations
 f - 3 chunks of flesh


   Skills:
 - Level 2.1 Dodging
 - Level 1.7 Stealth
 + Level 2.8 Spellcasting
 * Level 5.7 Summonings


You had 3 spell levels left.
You knew the following spells:

 Your Spells              Type           Power        Failure   Level  Hunger
a - Summon Small Mammal   Summ           ###.         1%          1    #......
b - Call Canine Familiar  Summ           ###.....     6%          3    ###....

Your spell library contained the following spells:

 Spells                   Type           Power        Failure   Level  Hunger
 Call Imp                 Summ           ###.....     3%          2    ##.....
 Summon Guardian Golem    Hex/Summ       ##......     19%         3    ###....
 Summon Ice Beast         Ice/Summ       ##......     52%         4    #####..
 Summon Lightning Spire   Summ/Air       ##......     52%         4    #####..


Dungeon Overview and Level Annotations

Branches:
Dungeon (2/15)

Altars:
Okawaru


Innate Abilities, Weirdness & Mutations

Shadows flee at your approach. (+LOS)
You can swim through water.
You cover ground slowly.
You can hop short distances.


Message History

You hear some strange, mumbled words.
A puff of frost appears from out of thin air!
The puff of frost hits your hound!
Your hound closely misses something.
Something closely misses your hound.
Your hound bites something.
Something barely misses your hound.
Your hound bites something.
Something hits your hound.
Your hound misses something.
You hear some strange, mumbled words.
A puff of frost appears from out of thin air!
The puff of frost misses your hound. The puff of frost hits you!
* * * LOW HITPOINT WARNING * * *
Your hound bites something.
Something hits your hound but does no damage.
Your hound bites something.
Something hits your hound.
Your hound dies!
Your hound's corpse disappears in a puff of smoke!
You hear some strange, mumbled words.
A puff of frost appears from out of thin air!
The puff of frost hits you!
You die...

.##.....####. #.##########
.###...## # #..........#
.####.########+###..........#
......###.......##..........#
÷###[...........# .(........#
...#............# #.........#
.#.#.....#####'## #.........#
.#.#.....# #.####K(.......#
...'.....# #..@§)K........#
##.#.....# ######g........#
#.#.....# #.........#
#.#.....# #.........#
#.#.....# #.........#
#.#.....# #.........#
#.###....# ########### #.#
###.# #. .#


You could see a hobgoblin and 2 kobolds.

Vanquished Creatures
  A dart slug (D:1)
  A hobgoblin (D:1)
  5 bats
  A frilled lizard (D:1)
  3 rats
11 creatures vanquished.

Vanquished Creatures (collateral kills)
  An adder (D:2)
  A leopard gecko (D:1)
  2 orcs (D:2)
  3 bats (D:1)
  4 giant cockroaches
  2 goblins (D:1)
  2 hobgoblins
  6 kobolds
  2 ball pythons
  4 rats (D:1)
27 creatures vanquished.

Grand Total: 38 creatures vanquished

Notes
Turn   | Place    | Note
-------+----------+-------------------------------------------
     0 | D:1      | 2tousent the Barachi Summoner began the quest for the Orb.
     0 | D:1      | Reached XP level 1. HP: 13/13 MP: 3/3
   286 | D:1      | Reached skill level 5 in Summonings
   318 | D:1      | Reached XP level 2. HP: 19/19 MP: 3/5
  1104 | D:2      | Reached XP level 3. HP: 24/24 MP: 4/7
  1666 | D:2      | Learned a level 3 spell: Call Canine Familiar
  1916 | D:2      | Found an iron altar of Okawaru.
  1980 | D:2      | Killed from afar by an orc wizard

Levels and vault maps discovered:
D:1:      dpeg_arrival_chase, layout_rooms, minmay_unequal
D:2:      layout_basic, lemuel_round_altar, gammafunk_temple_overflow_elements,
          overflow_temple_1_default

Skill      XL: |  1 |
---------------+----+-----
Summonings     | 5 |  5.7
Dodging        | |  2.1
Stealth        | |  1.7
Spellcasting   | |  2.8

Action                   || total
-------------------------++-------
Melee: Unarmed           ||   173
 Cast: Summon Small Mamm ||    41
       Call Canine Famil ||     2
 Stab: Sleeping          ||     3
  Eat: Chunk             ||     5
Armor: Robe              ||    71
Dodge: Dodged            ||   178

Table legend:
 A = Non-vault XP
 B = Vault XP
 C = Vault XP percentage of total XP
 D = Non-vault monster count
 E = Vault monster count
 F = Vault count percentage of total count
                 A         B        C        D         E       F
            +---------+---------+-------+---------+---------+-------
      Total |      47 |       4 |   7.8 |      35 |       3 |   7.9
            +---------+---------+-------+---------+---------+-------
        D:1 |      29 |       4 |  12.1 |      25 |       3 |  10.7
        D:2 |      18 |       0 |   0.0 |      10 |       0 |   0.0
            +---------+---------+-------+---------+---------+-------
